 Dungeon Crawl Stone Soup version 0.20.1-1-g8b1a95d66d (webtiles) character file.

37237 kissatonkivoja the Arsonist (level 13, -13/72 HPs)
             Began as a Deep Elf Fire Elementalist on Dec 15, 2017.
             Was a High Priest of Vehumet.
             Shot with an arrow by Nessos (21 damage)
             ... on level 5 of the Lair of Beasts on Dec 17, 2017.
             The game lasted 02:41:42 (26257 turns).

kissatonkivoja the Arsonist (DEFE)                 Turns: 26257, Time: 02:41:43

Health: -13/72     AC: 10    Str:  9      XL:     13   Next: 57%
Magic:  23/32      EV: 18    Int: 26 (27) God:    Vehumet [*****.]
Gold:   1623       SH:  0    Dex: 15      Spells: 10/38 levels left

rFire    . . .     SeeInvis .   w - +3 short sword
rCold    . . .     Gourm    +   (no shield)
rNeg     . . .     Faith    .   S - +2 robe {MR+}
rPois    .         Spirit   .   q - +0 helmet
rElec    .         Reflect  .   (no cloak)
rCorr    .         Harm     .   m - +1 pair of gloves
MR       ++...     Rnd*Rage +   J - +2 pair of boots
Stlth    +++.......             P - amulet of the gourmand
Regen    0.3/turn               F - +3 ring of intelligence
MPRegen  0.3/turn               h - ring of stealth

@: about to teleport, very slightly contaminated
A: hooves 2, repulsion field 1, berserk 1, clever 1, deterioration 1
a: Renounce Religion


You were on level 5 of the Lair of Beasts.
You worshipped Vehumet.
Vehumet was extremely pleased with you.
You were completely stuffed.

You visited 4 branches of the dungeon, and saw 20 of its levels.
You also visited: Bailey.

You collected 1623 gold pieces.

Inventory:

Hand Weapons
 w - a +3 short sword (weapon)
 L - a +0 scimitar of holy wrath
 T - a +0 blowgun
Missiles
 o - 500 stones (quivered)
 A - 20 tomahawks
 C - 2 curare-tipped needles
 Q - 5 javelins
 U - 65 poisoned needles
Armour
 m - a +1 pair of gloves (worn)
 q - a +0 helmet (worn)
 u - the +1 robe of Uble {rN+ Dex+2}
   (You found it on level 3 of the Lair of Beasts)

   It affects your dexterity (+2).
   It protects you from negative energy.
 G - a +0 robe of cold resistance
 J - a +2 pair of boots (worn)
 S - a +2 robe of magic resistance (worn)
Jewellery
 e - an uncursed ring of ice
 h - a ring of stealth (right hand)
 F - a +3 ring of intelligence (left hand)
 I - an uncursed ring of resist corrosion
 P - an amulet of the gourmand (around neck)
Wands
 a - a wand of polymorph (24/24)
 W - a wand of disintegration (13/24)
 Y - a wand of confusion (30/48)
Scrolls
 d - 4 scrolls of teleportation
 g - 6 scrolls of identify
 i - 6 scrolls of remove curse
 p - a scroll of amnesia
 v - 3 scrolls of recharging
 x - 2 scrolls of fear
 y - 2 scrolls of enchant weapon {unknown}
 z - 2 scrolls of enchant armour
 D - 2 scrolls of magic mapping
 H - a scroll of holy word {unknown}
 N - a scroll of random uselessness {unknown}
Potions
 f - 4 potions of brilliance
 j - 4 potions of curing
 k - 2 potions of cancellation
 n - 3 potions of heal wounds
 r - 4 potions of agility
 t - 4 potions of haste
 R - 3 potions of resistance
Books
 b - a book of Flames

   Spells                             Type                      Level
   a - Flame Tongue                   Conjuration/Fire             1
   b - Throw Flame                    Conjuration/Fire             2
   c - Conjure Flame                  Conjuration/Fire             3
   d - Inner Flame                    Hexes/Fire                   3
   e - Sticky Flame                   Conjuration/Fire             4
   f - Fireball                       Conjuration/Fire             5
 E - a book of Conjurations

   Spells                             Type                      Level
   a - Magic Dart                     Conjuration                  1
   b - Searing Ray                    Conjuration                  2
   c - Dazzling Spray                 Conjuration/Hexes            3
   d - Fulminant Prism                Conjuration/Hexes            4
   e - Force Lance                    Conjuration/Translocation    4
   f - Iskenderun's Mystic Blast      Conjuration                  4
Miscellaneous
 s - a box of beasts
 M - 2 phantom mirrors
 O - a sack of spiders
Comestibles
 c - 19 bread rations
 B - a meat ration


   Skills:
 - Level 5.0 Fighting
 * Level 3.7 Throwing
 - Level 7.0 Dodging
 - Level 3.0 Stealth
 - Level 13.0 Spellcasting
 - Level 13.2 Conjurations
 - Level 8.1 Charms
 - Level 14.4 Fire Magic
 * Level 3.9 Evocations


You had 10 spell levels left.
You knew the following spells:

 Your Spells              Type           Power        Failure   Level  Hunger
a - Force Lance           Conj/Tloc      ######..     1%          4    None
b - Throw Flame           Conj/Fire      ######       0%          2    None
c - Conjure Flame         Conj/Fire      ######..     1%          3    None
d - Sticky Flame          Conj/Fire      ######..     1%          4    None
e - Fireball              Conj/Fire      ######....   1%          5    ###....
f - Ignite Poison         Fire/Tmut/Pois #####...     1%          3    None
g - Iskenderun's Mystic   Conj           ######..     1%          4    None
h - Regeneration          Chrm/Necr      #####.....   1%          3    None


Dungeon Overview and Level Annotations

Branches:
Dungeon (12/15)            Temple (1/1) D:5            Lair (5/6) D:9
 Shoals (0/4) Lair:4       Spider (0/4) Lair:4          Orc (2/2) D:9
  Slime: Lair:5-6       Elf: Orc:2

Altars:
Ashenzari
Cheibriados
Dithmenos
Elyvilon
Fedhas
Gozag
Hepliaklqana
Kikubaaqudgha
Makhleb
Nemelex Xobeh
Okawaru
Qazlal
Ru
Sif Muna
Trog
Uskayaw
Vehumet
Xom
Yredelemnul
Zin
The Shining One

Annotations:
D:2 exclusion: downstairs
D:5 exclusion: downstairs
D:8 exclusion: downstairs
D:10 exclusion: downstairs
D:11 exclusion: downstairs
Lair:1 exclusion: 2 oklob plants
Lair:3 exclusion: 2 downstairs
Lair:5 Nessos
Orc:1 exclusion: downstairs


Innate Abilities, Weirdness & Mutations

You have hoof-like feet.
You are surrounded by a mild repulsion field. (EV +2)
You tend to lose your temper in combat.
Your mind is acute. (Int +2)
Your body sometimes deteriorates upon taking damage.


Message History

You are very lightly contaminated with residual magic.
As you read the scroll of blinking, it crumbles to dust.
* * * LOW HITPOINT WARNING * * *
You feel sick.
Found a robe.
You feel better.
As you read the scroll of teleportation, it crumbles to dust.
You feel strangely unstable.
The spiny frog gives a loud, deep croak!
Nessos intently looks at you, slowly moving his tail.
Nessos blinks!
Nessos shoots an arrow.
The arrow barely misses you.
Casting: Fireball
Confirm with . or Enter, or press ? or * to list all spells.
Aiming: Fireball
Press: ? - help, Shift-Dir - straight line, f - Nessos
Aim: Nessos, wielding a longbow of flaming and wearing a glowing centaur barding (moderately wounded, fast)
The fireball explodes!
The fireball engulfs Nessos.
Nessos is heavily wounded.
Nessos shoots an arrow.
The arrow hits you!!
You die...

...P .. .....
.... .# .... .
...# . .# #...
.. b...
#.##.#...# ...
..##
#.....#..##....
.
...............
.
#..............
..
#.[....@(......
...
#..#...##F.....
#c..P.#.#......
#.#.....P......
##..#...... ...
##.(........ ..
#P.........#..
. #..(....##...
#...###..#PP.


You could see Nessos and a spiny frog.

Vanquished Creatures
  Rupert (Lair:5)
  5 hydras
  A catoblepas (Lair:4)
  3 two-headed ogres
  Erica (D:8)
  Nergalle (D:10)
  Pikel (D:8)
  An ugly thing (D:11)
  An oklob plant (Lair:4)
  A cyclops (D:11)
  A manticore (D:12)
  3 black mambas
  2 rime drakes (Lair:5)
  11 spiny frogs
  A kobold demonologist (D:12)
  2 komodo dragons (Lair:2)
  2 trolls
  A hornet (D:10)
  5 blink frogs (Lair:5)
  3 slime creatures
  A shadow (D:12)
  A vampire (D:11)
  5 hippogriffs
  A wraith (D:10)
  3 wyverns
  19 yaks
  4 hogs (D:7)
  A human (D:7)
  A basilisk (Lair:1)
  A hungry ghost (D:7)
  Grum (D:9)
  An acid dragon (D:7)
  10 water moccasins
  9 porcupines
  5 orc warriors
  A hornet zombie (D:12)
  A sky beast (D:12)
  A slave (D:8)
  An ice beast (D:8)
  3 black bears
  A phantom (D:6)
  A necrophage (D:9)
  11 wolves
  7 ogres
  13 centaurs
  9 crocodiles
  16 bullfrogs
  7 gnoll sergeants (Bailey)
  A wyvern zombie (D:9)
  A water moccasin zombie (D:6)
  4 scorpions
  A wyvern skeleton (D:11)
  24 killer bees
  16 wights
  A howler monkey (D:7)
  4 crimson imps
  A bullfrog zombie (D:10)
  A quasit (D:5)
  7 gnoll shamans
  5 hounds
  3 bullfrog skeletons
  5 centaur skeletons
  A centaur zombie (D:12)
  10 orc priests
  3 jellies
  4 iguanas
  15 orc wizards
  6 worker ants
  A human simulacrum (D:10)
  23 gnolls
  A worker ant zombie (D:11)
  2 howler monkey skeletons
  10 adders
  4 shadow imps
  4 oozes (Lair:5)
  An adder skeleton (D:4)
  An adder zombie (D:7)
  4 worms
  2 dart slugs
  5 leopard geckos
  52 orcs
  7 giant cockroaches
  11 goblins
  2 hobgoblins
  19 jackals
  8 quokkas
  4 ball pythons
  5 bats
  6 frilled lizards
  A giant cockroach zombie (D:5)
  A jackal skeleton (D:5)
  5 kobolds
  2 leopard gecko skeletons
  10 rats
  5 bushes
  A fungus (D:9)
  11 plants
503 creatures vanquished.

Vanquished Creatures (collateral kills)
  A gnoll sergeant (Bailey)
1 creature vanquished.

Vanquished Creatures (others)
  A wyvern (D:8)
  A water moccasin (Lair:5)
  A slave (D:8)
  A sky beast (D:8)
  A bullfrog (D:10)
  A human simulacrum (D:10)
  An orc (Orc:2)
  2 butterflies (Lair:5)
  43 fungi
  19 plants
71 creatures vanquished.

Grand Total: 575 creatures vanquished

Notes
Turn   | Place    | Note
-------+----------+-------------------------------------------
     0 | D:1      | kissatonkivoja the Deep Elf Fire Elementalist began the quest for the Orb.
     0 | D:1      | Reached XP level 1. HP: 10/10 MP: 6/6
   211 | D:1      | Reached XP level 2. HP: 15/15 MP: 6/8
   979 | D:2      | Learned a level 2 spell: Throw Flame
  1126 | D:2      | Reached XP level 3. HP: 17/19 MP: 5/9
  1998 | D:3      | Learned a level 3 spell: Conjure Flame
  2137 | D:3      | Found a shimmering altar of Xom.
  2177 | D:3      | Reached XP level 4. HP: 24/24 MP: 1/10
  3119 | D:4      | Noticed a centaur
  3122 | D:4      | Killed a centaur
  3122 | D:4      | Reached skill level 4 in Fire Magic
  3122 | D:4      | Reached XP level 5. HP: 21/28 MP: 4/11
  3304 | D:4      | Reached skill level 5 in Fire Magic
  3699 | D:4      | Reached skill level 5 in Spellcasting
  3699 | D:4      | Reached XP level 6. HP: 32/32 MP: 3/15
  3870 | D:4      | Found a sacrificial altar of Ru.
  3988 | D:4      | Found a deep blue altar of Sif Muna.
  3988 | D:4      | Found a shadowy altar of Dithmenos.
  4028 | D:5      | Entered Level 5 of the Dungeon
  4205 | D:5      | Found a staircase to the Ecumenical Temple.
  4220 | Temple   | Entered the Ecumenical Temple
  4421 | Temple   | Became a worshipper of Vehumet
  4548 | D:5      | Reached skill level 5 in Conjurations
  4783 | D:5      | Found a stormy altar of Qazlal.
  4878 | D:5      | Reached XP level 7. HP: 36/36 MP: 4/16
  5569 | D:5      | Learned a level 4 spell: Sticky Flame
  7279 | D:7      | Reached XP level 8. HP: 41/41 MP: 7/17
  7577 | D:7      | Reached skill level 6 in Fire Magic
  7856 | D:7      | Reached skill level 7 in Fire Magic
  8118 | D:7      | Reached skill level 8 in Fire Magic
  8190 | D:7      | Reached skill level 9 in Fire Magic
  8387 | D:7      | Reached * piety under Vehumet
  8387 | D:7      | Offered knowledge of Sting by Vehumet.
  8387 | D:7      | Reached XP level 9. HP: 45/45 MP: 10/18
  8399 | D:7      | Learned a level 5 spell: Fireball
  8412 | D:7      | Reached skill level 10 in Fire Magic
  8488 | D:7      | Found an ancient bone altar of Kikubaaqudgha.
  8632 | D:7      | Found a white marble altar of Elyvilon.
  9607 | D:8      | Noticed Erica
 10154 | D:8      | Offered knowledge of Sandblast by Vehumet.
 10156 | D:8      | Killed Erica
 10156 | D:8      | Reached ** piety under Vehumet
 10156 | D:8      | Reached skill level 10 in Spellcasting
 10521 | D:8      | Noticed Pikel
 10533 | D:8      | Killed Pikel
 10533 | D:8      | Reached XP level 10. HP: 38/50 MP: 9/26
 11070 | D:8      | Reached skill level 10 in Conjurations
 11464 | D:9      | Offered knowledge of Static Discharge by Vehumet.
 11861 | D:9      | Noticed Grum
 11873 | D:9      | Killed Grum
 12016 | D:9      | Reached *** piety under Vehumet
 12297 | D:9      | Offered knowledge of Ignite Poison by Vehumet.
 12504 | D:9      | Found a staircase to the Lair.
 12759 | D:9      | Noticed a two-headed ogre
 12763 | D:9      | Killed a two-headed ogre
 12846 | D:9      | Found a staircase to the Orcish Mines.
 12900 | D:9      | Learned a level 3 spell: Ignite Poison
 12905 | D:9      | Learned a level 4 spell: Iskenderun's Mystic Blast
 12955 | D:10     | Entered Level 10 of the Dungeon
 12963 | D:10     | Reached XP level 11. HP: 54/54 MP: 21/29
 12972 | D:10     | Noticed Nergalle
 13170 | Lair:1   | Entered Level 1 of the Lair of Beasts
 13305 | Lair:1   | Reached skill level 5 in Dodging
 13568 | Lair:1   | Noticed an oklob plant
 13570 | Lair:1   | Noticed an oklob plant
 14667 | Lair:2   | Learned a level 3 spell: Regeneration
 14907 | Lair:2   | Reached **** piety under Vehumet
 15110 | Lair:2   | Offered knowledge of Lee's Rapid Deconstruction by Vehumet.
 15645 | Lair:2   | Reached skill level 1 in Fighting
 16550 | Lair:3   | Got a shimmering robe
 16561 | Lair:3   | Identified the +1 robe of Uble {rN+ Dex+2} (You found it on level 3 of the Lair of Beasts)
 16744 | Lair:3   | Reached skill level 1 in Charms
 17047 | Lair:3   | Noticed a five-headed hydra
 17051 | Lair:3   | Killed a five-headed hydra
 17051 | Lair:3   | Reached XP level 12. HP: 64/64 MP: 16/31
 17628 | Lair:4   | Noticed a six-headed hydra
 17685 | Lair:3   | Reached skill level 5 in Charms
 17873 | Lair:4   | Noticed an eight-headed hydra
 17876 | Lair:4   | Killed an eight-headed hydra
 18122 | Lair:4   | Noticed a catoblepas
 18297 | Lair:4   | Killed a catoblepas
 18406 | Lair:4   | Found a staircase to the Shoals.
 18444 | Lair:4   | Killed a six-headed hydra
 18460 | Lair:4   | Reached skill level 5 in Fighting
 18534 | Lair:4   | Found a hide-covered altar of Uskayaw.
 18550 | Lair:4   | Found a stormy altar of Qazlal.
 18737 | Lair:4   | Found a hole to the Spider Nest.
 19151 | Lair:5   | Noticed Rupert
 19221 | Lair:2   | Gained mutation: Your spells are a little harder to cast, but a little more powerful. [potion of mutation]
 19221 | Lair:2   | Gained mutation: Potions are less effective at restoring your health. [potion of mutation]
 19221 | Lair:2   | Gained mutation: Your mind is acute. (Int +2) [potion of mutation]
 19448 | Orc:1    | Entered Level 1 of the Orcish Mines
 19632 | Orc:1    | Reached skill level 11 in Fire Magic
 19926 | Orc:2    | Entered Level 2 of the Orcish Mines
 20086 | D:10     | Killed Nergalle
 20970 | D:11     | Reached ***** piety under Vehumet
 20997 | D:11     | Offered knowledge of Ozocubu's Refrigeration by Vehumet.
 20997 | D:11     | Reached skill level 12 in Fire Magic
 21483 | D:11     | Noticed a two-headed ogre
 21484 | D:11     | Killed a two-headed ogre
 22354 | D:11     | Noticed a five-headed hydra
 22408 | D:11     | Killed a five-headed hydra
 22408 | D:11     | Reached skill level 13 in Fire Magic
 22408 | D:11     | Reached XP level 13. HP: 72/72 MP: 16/32
 22420 | D:11     | Gained mutation: You occasionally shout uncontrollably at your foes. [mutagenic meat]
 22421 | D:11     | Lost mutation: You occasionally shout uncontrollably at your foes. [mutagenic meat]
 22422 | D:11     | Gained mutation: You tend to lose your temper in combat. [mutagenic meat]
 22423 | D:11     | Gained mutation: You have large cloven feet. [mutagenic meat]
 23074 | D:11     | Learned a level 4 spell: Force Lance
 23387 | D:12     | Found a flagged portal.
 23397 | Bailey   | Entered a bailey
 23889 | Bailey   | Lost mutation: Your spells are a little harder to cast, but a little more powerful. [potion of mutation]
 23889 | Bailey   | Lost mutation: Potions are less effective at restoring your health. [potion of mutation]
 23889 | Bailey   | Gained mutation: You are surrounded by a mild repulsion field. (EV +2) [potion of mutation]
 23889 | Bailey   | Gained mutation: Your body sometimes deteriorates upon taking damage. [potion of mutation]
 23889 | Bailey   | Gained mutation: You have hoof-like feet. [potion of mutation]
 24202 | D:12     | Reached skill level 14 in Fire Magic
 25160 | Lair:5   | Reached skill level 1 in Throwing
 25160 | Lair:5   | Reached skill level 1 in Evocations
 25441 | Lair:5   | Killed Rupert
 26242 | Lair:5   | Noticed Nessos
 26254 | Lair:5   | HP: 2/72 [poisoned by Nessos]
 26257 | Lair:5   | Shot with an arrow by Nessos

Skill      XL: |  1  2  3  4  5  6  7  8  9 10 11 12 13 |
---------------+----------------------------------------+-----
Stealth        | 3 |  3.0
Conjurations   | 2 4 5 8 9 11 13 | 13.2
Fire Magic     | 4 5 9 10 13 14 | 14.4
Spellcasting   | 5 10 12 13 | 13.0
Dodging        | 4 7 |  7.0
Fighting       | 3 5 |  5.0
Charms         | 4 8 |  8.1
Throwing       | 3 |  3.7
Evocations     | 3 |  3.9

Action                   |  1- 3 |  4- 6 |  7- 9 | 10-12 | 13-15 || total
-------------------------+-------+-------+-------+-------+-------++-------
Melee: Dagger            |     2 |       |       |       |       ||     2
       Short sword       |       |       |     9 |    18 |    23 ||    50
       Scimitar          |       |       |     4 |       |       ||     4
 Fire: Blowgun           |       |       |       |       |     1 ||     1
Throw: Stone             |    12 |     1 |       |     1 |       ||    14
 Cast: Flame Tongue      |    69 |    31 |   178 |    95 |       ||   373
       Throw Flame       |    18 |    64 |    96 |    55 |     3 ||   236
       Conjure Flame     |       |     2 |     9 |     7 |       ||    18
       Sticky Flame      |       |       |     2 |    30 |    19 ||    51
       Fireball          |       |       |    10 |   116 |    23 ||   149
       Iskenderun's Myst |       |       |       |   182 |   102 ||   284
       Force Lance       |       |       |       |       |     4 ||     4
Evoke: Box of beasts     |       |       |       |       |     1 ||     1
  Use: Scroll            |       |     7 |     6 |    20 |     8 ||    41
       Potion            |       |       |       |     1 |     3 ||     4
 Stab: Sleeping          |       |       |     1 |     1 |       ||     2
  Eat: Chunk             |     4 |     8 |     6 |    46 |    18 ||    82
       Royal jelly       |       |     1 |     1 |     1 |       ||     3
       Fruit             |       |       |     4 |     6 |       ||    10
       Meat ration       |       |       |     2 |     2 |       ||     4
Armor: Robe              |       |     4 |    16 |    37 |    21 ||    78
Dodge: Dodged            |    15 |     9 |    42 |    92 |    63 ||   221
       Rpst.: Scimitar   |       |       |     1 |       |       ||     1
